Blackhawks vs Red Wings

Created - November 17, 2019 at 19:17

Goals
1 2 3 OT1 T
Blackhawks 1 2 0 1 4
Red Wings 0 1 2 0 3
Shots
1 2 3 OT1 T
Blackhawks 4 14 8 1 27
Red Wings 7 10 8 0 25

1st period

1. Blackhawks , Tyler Cuma 1 (Derick Brassard 16) at 15:23

Penalties :
Mike Green (Chi) for Holding Stick (Minor) at 6:38

2nd period

2. Red Wings , Connor Brown 8 (Adam Henrique 9, Mike Richards 14) at 1:05 (PP)
3. Blackhawks , Tomas Fleischmann 4 (John Carlson 14, Erik Christensen 5) at 16:11
4. Blackhawks , Derick Brassard 12 (Antoine Roussel 5) at 18:08

Penalties :
Antoine Roussel (Chi) for Roughing (Minor) at 1:01

3rd period

5. Red Wings , Sean Bergenheim 4 (Carson Mcmillan 2) at 5:24 (SH)
6. Red Wings , Ole-Kristian Tollefsen 1 (Sean Bergenheim 5, Nick Bjugstad 3) at 7:51 (PP)

Penalties :
Mike Green (Chi) for Hooking (Minor) at 0:13, Sean Bergenheim (Det) for Holding (Minor) at 3:16, Philip Samuelsson (Det) for Tripping (Minor) at 4:23, David Jones (Chi) for Hooking (Minor) at 6:56, Philip Samuelsson (Det) for High sticking (Minor) at 8:54

Overtime #1

7. Blackhawks , Erik Christensen 1 (Chris Kreider 6, Derick Brassard 17) at 0:42

Penalties :
No Penalty

Goalie Stats

Jimmy Howard (Chi), 22 saves from 25 shots - (0.880), W, 7-6-0, 60:42 minutes
Josh Harding (Det), 23 saves from 27 shots - (0.852), OTL, 1-0-2, 60:42 minutes

Players Stats for Blackhawks

Player Name              G  A  P  +/- PIM S  H  SB GA TA FO     MP     PP MP  PK MP  
------------------------------------------------------------------------------------
Antoine Roussel          0  1  1   2  2   1  3  0  0  1  1/2    17:20   0:49   0:00 
Bobby Ryan               0  0  0   0  0   2  2  1  0  0  0/1    14:10   0:49   0:00 
Brandon Yip              0  0  0   1  0   0  0  0  0  1  1/2    12:47   0:00   1:13 
Chris Kreider            0  1  1  -1  0   3  2  0  0  0  0/1    19:44   4:16   1:58 
David Jones              0  0  0   0  2   0  0  0  0  0  0/1     9:21   0:00   0:00 
Derick Brassard          1  2  3   1  0   8  3  1  3  0  14/27  23:28   4:16   2:21 
Erik Christensen         1  1  2   2  0   2  1  0  1  0  4/6    11:53   0:49   0:00 
Gabriel Bourque          0  0  0   0  0   0  2  0  0  0  0/0    10:23   0:00   0:37 
John Carlson             0  1  1   2  0   5  2  0  0  3  0/0    25:51   4:31   2:44 
Kevin Marshall           0  0  0   0  0   0  0  1  0  0  0/0    15:06   0:00   1:35 
Matthew Spiller          0  0  0   2  0   0  1  2  0  0  0/0    18:47   0:00   1:57 
Michael Latta            0  0  0   0  0   1  0  1  0  0  0/0    10:12   0:00   0:14 
Mike Green               0  0  0   1  4   1  1  0  2  0  0/0    25:53   4:31   0:39 
Peter Regin              0  0  0   0  0   1  1  0  0  1  2/15   14:32   0:00   1:09 
Rick Nash                0  0  0   2  0   1  1  1  0  1  0/1    22:55   4:16   2:22 
Seth Jones               0  0  0   0  0   0  0  0  0  0  0/0    14:01   0:34   1:12 
Tomas Fleischmann        1  0  1   1  0   1  0  0  0  2  0/0    11:15   0:00   0:00 
Tyler Cuma               1  0  1   1  0   1  1  1  0  1  0/0    20:09   0:34   1:47 

Players Stats for Red Wings

Player Name              G  A  P  +/- PIM S  H  SB GA TA FO     MP     PP MP  PK MP  
------------------------------------------------------------------------------------
Adam Henrique            0  1  1  -2  0   6  2  1  1  0  1/1    20:18   2:48   0:00 
Alex Picard              0  0  0  -1  0   0  0  0  1  0  0/2    11:02   0:42   0:11 
Anton Volchenkov         0  0  0   1  0   1  1  1  0  0  0/0    17:06   0:00   2:42 
Carson Mcmillan          0  1  1   1  0   0  2  1  0  0  1/2    10:29   0:00   3:17 
Connor Brown             1  0  1  -3  0   3  2  0  1  0  1/1    19:48   2:48   0:00 
David Krejci             0  0  0  -2  0   1  2  0  1  2  2/4    11:05   0:44   0:00 
Jiri Fischer             0  0  0   0  0   0  2  0  1  0  0/0    18:16   1:43   2:23 
Karl Alzner              0  0  0  -2  0   0  1  1  0  0  0/0    19:49   1:50   0:00 
Maxim Lapierre           0  0  0   0  0   0  0  1  0  0  1/1     8:57   0:00   1:38 
Michael Haley            0  0  0   0  0   0  2  1  0  0  0/1     9:48   0:00   2:36 
Mike Richards            0  1  1  -2  0   1  1  0  1  0  17/26  20:10   2:46   0:00 
Nick Bjugstad            0  1  1   0  0   0  1  0  0  0  8/13   16:40   1:31   0:00 
Ole-Kristian Tollefsen   1  0  1  -2  0   1  0  2  0  1  0/0    23:40   3:07   2:31 
Petr Pohl                0  0  0  -1  0   1  1  0  0  1  0/0    10:36   0:27   0:00 
Philip Samuelsson        0  0  0  -2  4   2  2  0  1  0  0/0    22:31   3:07   0:10 
Ryan O'Byrne             0  0  0  -1  0   0  0  3  0  1  0/0    21:01   0:07   2:23 
Sean Bergenheim          1  1  2   1  2   5  1  0  1  0  2/3    18:51   1:33   1:36 
Tomas Kopecky            0  0  0   0  0   4  4  0  2  1  1/2    16:41   1:32   0:00 

3 Stars

1 - Derick Brassard (Chi)
2 - Erik Christensen (Chi)
3 - Tyler Cuma (Chi)

Power Play

Blackhawks - 0 on 3 Attempt(s) - 0.00%
Red Wings - 2 on 4 Attempt(s) - 50.00%

Penalty Kill

Blackhawks - 2 on 4 Attempt(s) - 50.00% - Score 0 goal in Penalty Kill
Red Wings - 3 on 3 Attempt(s) - 100.00% - Score 1 goal in Penalty Kill

Team Stat

Blackhawks - Hits : 20 - Faceoff Wins : 22 - Blocked Shots : 8 - Penalty Minutes : 8
Red Wings - Hits : 24 - Faceoff Wins : 34 - Blocked Shots : 11 - Penalty Minutes : 6

Official

Referees : Unknown
Linesman : Unknown

Game Notes

No Game Note

Finance

Level 1 -- Attendance: 6000 (100.00%) -- Ticket Income $642,000
Level 2 -- Attendance: 3880 (77.60%) -- Ticket Income $275,480
Level 3 -- Attendance: 1540 (77.00%) -- Ticket Income $73,920
Level 4 -- Attendance: 3173 (79.33%) -- Ticket Income $104,709
Luxury Box -- Attendance: 785 (78.50%) -- Ticket Income $149,150
Game was played at the Joe Louis Arena.
Total Attendance: 15378 (85.43%)
Total Ticket Income: $1,245,259
Other Income: $186,789
Total Income: $1,432,048

Blackhawks

5 vs 5 Forward 
   Center                   Left Wing                Right Wing               Time % Phy DF OF 
 1 Derick Brassard          Antoine Roussel          Rick Nash                40     1   2  2  
 2 Peter Regin              Chris Kreider            Bobby Ryan               30     1   2  2  
 3 Erik Christensen         Tomas Fleischmann        Brandon Yip              20     1   2  2  
 4 Michael Latta            Gabriel Bourque          David Jones              10     1   2  2  

5 vs 5 Defense 
   Defense                  Defense                                           Time % Phy DF OF 
 1 Mike Green               Tyler Cuma                                        40     1   2  2  
 2 John Carlson             Matthew Spiller                                   30     1   2  2  
 3 Seth Jones               Kevin Marshall                                    20     1   2  2  
 4 Mike Green               John Carlson                                      10     1   2  2  

PowerPlay Forward 
   Center                   Left Wing                Right Wing               Time % Phy DF OF 
 1 Derick Brassard          Chris Kreider            Rick Nash                60     1   2  2  
 2 Erik Christensen         Antoine Roussel          Bobby Ryan               40     1   2  2  

PowerPlay Defense
   Defense                  Defense                                           Time % Phy DF OF 
 1 Mike Green               John Carlson                                      60     1   2  2  
 2 Tyler Cuma               Seth Jones                                        40     1   2  2  

Penalty Kill 4 Players Forward 
   Center                   Wing                     Time % Phy DF OF 
 1 Derick Brassard          Rick Nash                60     1   2  2  
 2 Peter Regin              Chris Kreider            40     1   2  2  

Penalty Kill 4 Players Defense
   Defense                  Defense                  Time % Phy DF OF 
 1 Mike Green               John Carlson             60     1   2  2  
 2 Matthew Spiller          Kevin Marshall           40     1   2  2  

Penalty Kill - 3 Players Forward 
   Forward                                           Time % Phy DF OF 
 1 Derick Brassard                                   60     1   2  2  
 2 Peter Regin                                       40     1   2  2  

Penalty Kill - 3 Players Defense
   Defense                  Defense                  Time % Phy DF OF 
 1 Mike Green               John Carlson             60     1   2  2  
 2 Matthew Spiller          Kevin Marshall           40     1   2  2  

4 vs 4 Forward 
   Center                   Wing                     Time % Phy DF OF 
 1 Derick Brassard          Chris Kreider            60     1   2  2  
 2 Erik Christensen         Rick Nash                40     1   2  2  

4 vs 4 Defense
   Defense                  Defense                  Time % Phy DF OF 
 1 Mike Green               John Carlson             60     1   2  2  
 2 Tyler Cuma               Seth Jones               40     1   2  2  

Last Minutes Offensive
   Center                   Left Wing                Right Wing               Defense                  Defense                  
   Derick Brassard          Chris Kreider            Rick Nash                Mike Green               John Carlson             

Last Minutes Defensive
   Center                   Left Wing                Right Wing               Defense                  Defense                  
   Derick Brassard          Chris Kreider            Rick Nash                Mike Green               John Carlson             

Goaltenders
Starting : Jimmy Howard             
Backup : Ray Emery                

Extra Forwards
Normal : Tomas Fleischmann, Brandon Yip, Michael Latta - PP : Michael Latta, Brandon Yip - PK : Brandon Yip
Extra Defensemen
Normal : Kevin Marshall, Seth Jones, John Carlson - PP : Kevin Marshall - PK : Tyler Cuma, Seth Jones
Penalty Shots
Derick Brassard, Mike Green, Peter Regin, Rick Nash, Brandon Yip

Scratches
None

Red Wings

5 vs 5 Forward 
   Center                   Left Wing                Right Wing               Time % Phy DF OF 
 1 Mike Richards            Adam Henrique            Connor Brown             38     0   2  3  
 2 Nick Bjugstad            Sean Bergenheim          Tomas Kopecky            37     0   2  3  
 3 David Krejci             Alex Picard              Petr Pohl                15     0   3  2  
 4 Maxim Lapierre           Michael Haley            Carson Mcmillan          10     1   2  2  

5 vs 5 Defense 
   Defense                  Defense                                           Time % Phy DF OF 
 1 Ryan O'Byrne             Philip Samuelsson                                 35     0   3  2  
 2 Ole-Kristian Tollefsen   Karl Alzner                                       35     0   3  2  
 3 Jiri Fischer             Anton Volchenkov                                  20     0   3  2  
 4 Jiri Fischer             Anton Volchenkov                                  10     0   3  2  

PowerPlay Forward 
   Center                   Left Wing                Right Wing               Time % Phy DF OF 
 1 Mike Richards            Adam Henrique            Connor Brown             55     0   1  4  
 2 Nick Bjugstad            Sean Bergenheim          Tomas Kopecky            45     0   1  4  

PowerPlay Defense
   Defense                  Defense                                           Time % Phy DF OF 
 1 Philip Samuelsson        Ole-Kristian Tollefsen                            60     0   2  3  
 2 Jiri Fischer             Karl Alzner                                       40     0   2  3  

Penalty Kill 4 Players Forward 
   Center                   Wing                     Time % Phy DF OF 
 1 Michael Haley            Carson Mcmillan          50     1   2  2  
 2 Sean Bergenheim          Maxim Lapierre           50     1   2  2  

Penalty Kill 4 Players Defense
   Defense                  Defense                  Time % Phy DF OF 
 1 Ryan O'Byrne             Jiri Fischer             50     1   2  2  
 2 Philip Samuelsson        Anton Volchenkov         50     1   2  2  

Penalty Kill - 3 Players Forward 
   Forward                                           Time % Phy DF OF 
 1 Carson Mcmillan                                   60     1   2  2  
 2 Michael Haley                                     40     1   2  2  

Penalty Kill - 3 Players Defense
   Defense                  Defense                  Time % Phy DF OF 
 1 Ryan O'Byrne             Jiri Fischer             50     1   2  2  
 2 Philip Samuelsson        Anton Volchenkov         50     1   2  2  

4 vs 4 Forward 
   Center                   Wing                     Time % Phy DF OF 
 1 Mike Richards            Adam Henrique            60     1   2  2  
 2 Nick Bjugstad            Sean Bergenheim          40     1   2  2  

4 vs 4 Defense
   Defense                  Defense                  Time % Phy DF OF 
 1 Ryan O'Byrne             Karl Alzner              60     1   2  2  
 2 Ole-Kristian Tollefsen   Philip Samuelsson        40     1   2  2  

Last Minutes Offensive
   Center                   Left Wing                Right Wing               Defense                  Defense                  
   Mike Richards            Adam Henrique            Sean Bergenheim          Ole-Kristian Tollefsen   Philip Samuelsson        

Last Minutes Defensive
   Center                   Left Wing                Right Wing               Defense                  Defense                  
   Sean Bergenheim          Michael Haley            Carson Mcmillan          Anton Volchenkov         Ryan O'Byrne             

Goaltenders
Starting : Josh Harding             
Backup : James Reimer             

Extra Forwards
Normal : Adam Henrique, Connor Brown, David Krejci - PP : David Krejci, Alex Picard - PK : Alex Picard
Extra Defensemen
Normal : Philip Samuelsson, Ole-Kristian Tollefsen, Karl Alzner - PP : Ryan O'Byrne - PK : Ole-Kristian Tollefsen, Karl Alzner
Penalty Shots
Mike Richards, Carson Mcmillan, Maxim Lapierre, Nick Bjugstad, Sean Bergenheim

Scratches
Andrew Alberts (Healthy), Chris Kelly (Healthy)

% Time on Ice - Blackhawks

Lines # - Real PCT - Wanted PCT - Time Play
Normal Forward
1 - 33% - 40% - 16:23
2 - 31% - 30% - 15:23
3 - 20% - 20% - 10:07
4 - 16% - 10% - 8:05
Normal Defense
1 - 39% - 40% - 19:34
2 - 30% - 30% - 14:54
3 - 24% - 20% - 12:01
4 - 7% - 10% - 3:29
PP Forward
1 - 84% - 60% - 4:16
2 - 16% - 40% - 0:49
PP Defense
1 - 89% - 60% - 4:31
2 - 11% - 40% - 0:34
PK Forward
1 - 77% - 60% - 3:48
2 - 23% - 40% - 1:09
PK Defense
1 - 68% - 60% - 3:22
2 - 32% - 40% - 1:35
PK3 Forward
1 - 0% - 60%
2 - 0% - 40%
PK3 Defense
1 - 0% - 60%
2 - 0% - 40%
44 Forward
1 - 93% - 60% - 0:39
2 - 7% - 40% - 0:03
44 Defense
1 - 100% - 60% - 0:42
2 - 0% - 40% - 0:00
Last Minute Offensive  - 0:00
Last Minute Defensive  - 0:00
Total
Forward - 60:42
Defense - 60:42

% Time on Ice - Red Wings

Lines # - Real PCT - Wanted PCT - Time Play
Normal Forward
1 - 35% - 38% - 17:32
2 - 31% - 37% - 15:43
3 - 20% - 15% - 9:58
4 - 14% - 10% - 6:45
Normal Defense
1 - 36% - 35% - 18:02
2 - 36% - 35% - 17:59
3 - 20% - 20% - 9:50
4 - 8% - 10% - 4:07
PP Forward
1 - 61% - 55% - 3:02
2 - 39% - 45% - 1:55
PP Defense
1 - 63% - 60% - 3:07
2 - 37% - 40% - 1:50
PK Forward
1 - 61% - 50% - 2:35
2 - 39% - 50% - 1:38
PK Defense
1 - 45% - 50% - 1:54
2 - 55% - 50% - 2:19
PK3 Forward
1 - 81% - 60% - 0:42
2 - 19% - 40% - 0:10
PK3 Defense
1 - 56% - 50% - 0:29
2 - 44% - 50% - 0:23
44 Forward
1 - 100% - 60% - 0:42
2 - 0% - 40% - 0:00
44 Defense
1 - 64% - 60% - 0:27
2 - 36% - 40% - 0:15
Last Minute Offensive  - 0:00
Last Minute Defensive  - 0:00
Total
Forward - 60:42
Defense - 60:42

Play-by-Play

1st period


0:01 of 1st period - Mike Richards wins face-off versus Derick Brassard in neutral zone.
0:10 of 1st period - Snap shot by Adam Henrique.
0:10 of 1st period - Shot Misses the Net.
0:26 of 1st period - Mike Green is hit by Nick Bjugstad and loses puck.
0:33 of 1st period - Slapshot by Peter Regin.
0:33 of 1st period - Shot Misses the Net.
0:35 of 1st period - Snap shot by Chris Kreider.
0:35 of 1st period - Shot Blocked by Ryan O'Byrne.
1:58 of 1st period - Jiri Fischer is hit by Peter Regin and loses puck.
2:15 of 1st period - Snap shot by Michael Latta.
2:15 of 1st period - Stopped by Josh Harding without a rebound.
2:16 of 1st period - Mike Richards wins face-off versus David Jones in Red Wings zone.
2:16 of 1st period - Mike Richards is hit by Gabriel Bourque.
2:36 of 1st period - John Carlson is hit by Connor Brown and loses puck.
2:51 of 1st period - Snap shot by John Carlson.
2:51 of 1st period - Stopped by Josh Harding without a rebound.
2:52 of 1st period - Derick Brassard wins face-off versus Nick Bjugstad in Red Wings zone.
2:57 of 1st period - Snap shot by Antoine Roussel.
2:57 of 1st period - Shot Misses the Net.
3:13 of 1st period - Anton Volchenkov is hit by Antoine Roussel and loses puck.
3:20 of 1st period - Derick Brassard is hit by Tomas Kopecky and loses puck.
3:35 of 1st period - Wrist shot by Sean Bergenheim.
3:35 of 1st period - Stopped by Jimmy Howard with a rebound.
3:57 of 1st period - Slapshot by Antoine Roussel.
3:57 of 1st period - Shot Misses the Net.
4:13 of 1st period - Jiri Fischer is hit by Derick Brassard and loses puck.
4:28 of 1st period - Jiri Fischer is hit by Antoine Roussel and loses puck.
5:03 of 1st period - Snap shot by Tomas Kopecky.
5:03 of 1st period - Stopped by Jimmy Howard with a rebound.
5:05 of 1st period - Slapshot by Anton Volchenkov.
5:05 of 1st period - Deflect By Kevin Marshall.
5:05 of 1st period - Stopped by Jimmy Howard without a rebound.
5:06 of 1st period - Mike Richards wins face-off versus Peter Regin in Blackhawks zone.
5:17 of 1st period - Adam Henrique is hit by Tyler Cuma and loses puck.
5:32 of 1st period - Ole-Kristian Tollefsen is hit by Erik Christensen and loses puck.
5:41 of 1st period - Snap shot by John Carlson.
5:41 of 1st period - Shot Blocked by Ole-Kristian Tollefsen.
6:14 of 1st period - John Carlson is hit by Carson Mcmillan and loses puck.
6:21 of 1st period - Ryan O'Byrne is hit by Chris Kreider and loses puck.
6:38 of 1st period - Minor Penalty to Mike Green for Holding Stick.
6:39 of 1st period - Mike Richards wins face-off versus Peter Regin in Blackhawks zone.
7:48 of 1st period - Seth Jones is hit by Tomas Kopecky.
8:38 of 1st period - Penalty to Mike Green is over, Mike Green is back on ice.
8:54 of 1st period - Slapshot by Gabriel Bourque.
8:54 of 1st period - Shot Blocked by Ryan O'Byrne.
11:40 of 1st period - Ryan O'Byrne is hit by John Carlson and loses puck.
12:31 of 1st period - Peter Regin is hit by Michael Haley and loses puck.
12:44 of 1st period - Michael Haley is hit by Bobby Ryan and loses puck.
13:00 of 1st period - Off-side.
13:01 of 1st period - Mike Richards wins face-off versus Derick Brassard in neutral zone.
13:12 of 1st period - Snap shot by Adam Henrique.
13:12 of 1st period - Stopped by Jimmy Howard with a rebound.
13:36 of 1st period - Karl Alzner is hit by Gabriel Bourque.
14:04 of 1st period - Icing by John Carlson.
14:05 of 1st period - Mike Richards wins face-off versus Chris Kreider in Blackhawks zone.
14:15 of 1st period - John Carlson is hit by Adam Henrique and loses puck.
14:32 of 1st period - Antoine Roussel is hit by Sean Bergenheim and loses puck.
14:50 of 1st period - Off-side.
14:51 of 1st period - Erik Christensen wins face-off versus David Krejci in neutral zone.
15:23 of 1st period - Slapshot by Tyler Cuma.
15:23 of 1st period - Goal by Tyler Cuma - Blackhawks : 1 - Red Wings : 0.
15:24 of 1st period - Mike Richards wins face-off versus Peter Regin in neutral zone.
15:31 of 1st period - Wrist shot by Connor Brown.
15:31 of 1st period - Stopped by Jimmy Howard without a rebound.
15:32 of 1st period - Mike Richards wins face-off versus Peter Regin in Blackhawks zone.
15:45 of 1st period - Snap shot by Adam Henrique.
15:45 of 1st period - Stopped by Jimmy Howard without a rebound.
15:46 of 1st period - Connor Brown wins face-off versus Derick Brassard in Blackhawks zone.
17:16 of 1st period - Slapshot by Connor Brown.
17:16 of 1st period - Deflect By Mike Richards.
17:16 of 1st period - Shot Blocked by Derick Brassard.
17:16 of 1st period - Puck is out of play.
17:17 of 1st period - Derick Brassard wins face-off versus Mike Richards in Blackhawks zone.
17:17 of 1st period - Derick Brassard is hit by Connor Brown.
17:23 of 1st period - John Carlson is hit by Adam Henrique and loses puck.
17:36 of 1st period - Wrist shot by Derick Brassard.
17:36 of 1st period - Shot Misses the Net.
17:41 of 1st period - Icing by Adam Henrique.
17:42 of 1st period - Mike Richards wins face-off versus Peter Regin in Red Wings zone.
18:15 of 1st period - Slapshot by Tomas Fleischmann.
18:15 of 1st period - Shot Misses the Net.
18:33 of 1st period - Snap shot by Petr Pohl.
18:33 of 1st period - Shot Blocked by Tyler Cuma.
18:35 of 1st period - Slapshot by Ryan O'Byrne.
18:35 of 1st period - Shot Blocked by Rick Nash.
18:37 of 1st period - Backhand shot by Philip Samuelsson.
18:37 of 1st period - Deflect By Petr Pohl.
18:37 of 1st period - Stopped by Jimmy Howard without a rebound.
18:38 of 1st period - Tomas Kopecky wins face-off versus Peter Regin in Blackhawks zone.
18:53 of 1st period - Slapshot by Chris Kreider.
18:53 of 1st period - Stopped by Josh Harding with a rebound.
19:05 of 1st period - Ryan O'Byrne is hit by Derick Brassard.
19:45 of 1st period - David Jones is hit by Jiri Fischer and loses puck.
Goals for this period are 1 for Blackhawks vs 0 for Red Wings.
Shots for this period are 4 for Blackhawks vs 7 for Red Wings.

2nd period


0:01 of 2nd period - Derick Brassard wins face-off versus Mike Richards in neutral zone.
0:14 of 2nd period - Snap shot by Derick Brassard.
0:14 of 2nd period - Stopped by Josh Harding without a rebound.
0:15 of 2nd period - Nick Bjugstad wins face-off versus Bobby Ryan in Red Wings zone.
1:01 of 2nd period - Minor Penalty to Antoine Roussel for Roughing.
1:02 of 2nd period - Mike Richards wins face-off versus Derick Brassard in Blackhawks zone.
1:05 of 2nd period - Wrist shot by Connor Brown.
1:05 of 2nd period - Deflect By Rick Nash.
1:05 of 2nd period - Goal by Connor Brown - Blackhawks : 1 - Red Wings : 1.
1:06 of 2nd period - Adam Henrique wins face-off versus Peter Regin in neutral zone.
1:09 of 2nd period - Mike Green is hit by Philip Samuelsson and loses puck.
2:16 of 2nd period - Wrist shot by Chris Kreider.
2:16 of 2nd period - Stopped by Josh Harding with a rebound.
2:20 of 2nd period - Wrist shot by Chris Kreider.
2:20 of 2nd period - Shot Blocked by Michael Haley.
2:22 of 2nd period - Wrist shot by Chris Kreider.
2:22 of 2nd period - Shot Misses the Net.
2:24 of 2nd period - Snap shot by Chris Kreider.
2:24 of 2nd period - Shot Misses the Net.
2:46 of 2nd period - Wrist shot by Adam Henrique.
2:46 of 2nd period - Stopped by Jimmy Howard with a rebound.
3:05 of 2nd period - Slapshot by Philip Samuelsson.
3:05 of 2nd period - Deflect By Tomas Kopecky.
3:05 of 2nd period - Stopped by Jimmy Howard without a rebound.
3:06 of 2nd period - Nick Bjugstad wins face-off versus Derick Brassard in Blackhawks zone.
3:36 of 2nd period - Slapshot by Chris Kreider.
3:36 of 2nd period - Shot Misses the Net.
3:38 of 2nd period - Wrist shot by Chris Kreider.
3:38 of 2nd period - Shot Misses the Net.
3:40 of 2nd period - Snap shot by Chris Kreider.
3:40 of 2nd period - Shot Blocked by Karl Alzner.
3:42 of 2nd period - Slapshot by Mike Green.
3:42 of 2nd period - Deflect By Chris Kreider.
3:42 of 2nd period - Shot Blocked by Ole-Kristian Tollefsen.
3:42 of 2nd period - Puck is out of play.
3:43 of 2nd period - Derick Brassard wins face-off versus Tomas Kopecky in Red Wings zone.
4:40 of 2nd period - Wrist shot by David Krejci.
4:40 of 2nd period - Stopped by Jimmy Howard with a rebound.
4:58 of 2nd period - Wrist shot by Michael Latta.
4:58 of 2nd period - Shot Misses the Net.
5:20 of 2nd period - Snap shot by Adam Henrique.
5:20 of 2nd period - Deflect By Rick Nash.
5:20 of 2nd period - Shot Blocked by Kevin Marshall.
5:20 of 2nd period - Puck is out of play.
5:21 of 2nd period - Derick Brassard wins face-off versus Mike Richards in Blackhawks zone.
5:26 of 2nd period - Wrist shot by John Carlson.
5:26 of 2nd period - Stopped by Josh Harding without a rebound.
5:27 of 2nd period - Derick Brassard wins face-off versus Mike Richards in Red Wings zone.
5:28 of 2nd period - Snap shot by Antoine Roussel.
5:28 of 2nd period - Shot Misses the Net.
5:30 of 2nd period - Snap shot by Rick Nash.
5:30 of 2nd period - Stopped by Josh Harding without a rebound.
5:31 of 2nd period - Mike Richards wins face-off versus Derick Brassard in Red Wings zone.
5:58 of 2nd period - Snap shot by Adam Henrique.
5:58 of 2nd period - Stopped by Jimmy Howard with a rebound.
6:04 of 2nd period - Snap shot by John Carlson.
6:04 of 2nd period - Stopped by Josh Harding with a rebound.
6:33 of 2nd period - Matthew Spiller is hit by Jiri Fischer and loses puck.
6:40 of 2nd period - Anton Volchenkov is hit by Rick Nash and loses puck.
6:45 of 2nd period - Wrist shot by Derick Brassard.
6:45 of 2nd period - Stopped by Josh Harding without a rebound.
6:46 of 2nd period - Nick Bjugstad wins face-off versus Peter Regin in Red Wings zone.
6:59 of 2nd period - Wrist shot by Sean Bergenheim.
6:59 of 2nd period - Stopped by Jimmy Howard with a rebound.
7:01 of 2nd period - Slapshot by Philip Samuelsson.
7:01 of 2nd period - Stopped by Jimmy Howard without a rebound.
7:02 of 2nd period - Erik Christensen wins face-off versus David Krejci in Blackhawks zone.
7:02 of 2nd period - Erik Christensen is hit by David Krejci.
7:16 of 2nd period - Slapshot by Erik Christensen.
7:16 of 2nd period - Shot Misses the Net.
7:18 of 2nd period - Slapshot by Mike Green.
7:18 of 2nd period - Shot Misses the Net.
7:38 of 2nd period - Slapshot by Tomas Kopecky.
7:38 of 2nd period - Stopped by Jimmy Howard with a rebound.
8:41 of 2nd period - Slapshot by Sean Bergenheim.
8:41 of 2nd period - Stopped by Jimmy Howard with a rebound.
8:48 of 2nd period - Icing by Seth Jones.
8:49 of 2nd period - Mike Richards wins face-off versus Rick Nash in Blackhawks zone.
9:14 of 2nd period - Snap shot by Derick Brassard.
9:14 of 2nd period - Stopped by Josh Harding with a rebound.
10:00 of 2nd period - Snap shot by Antoine Roussel.
10:00 of 2nd period - Shot Misses the Net.
10:02 of 2nd period - Snap shot by Seth Jones.
10:02 of 2nd period - Shot Misses the Net.
10:04 of 2nd period - Wrist shot by Derick Brassard.
10:04 of 2nd period - Stopped by Josh Harding without a rebound.
10:05 of 2nd period - Nick Bjugstad wins face-off versus Peter Regin in Red Wings zone.
10:16 of 2nd period - Peter Regin is hit by Philip Samuelsson and loses puck.
10:27 of 2nd period - Philip Samuelsson is hit by Bobby Ryan and loses puck.
10:56 of 2nd period - Off-side.
10:57 of 2nd period - Mike Richards wins face-off versus Erik Christensen in neutral zone.
11:13 of 2nd period - Ole-Kristian Tollefsen is hit by Mike Green and loses puck.
11:24 of 2nd period - Matthew Spiller is hit by Petr Pohl and loses puck.
11:51 of 2nd period - Snap shot by Carson Mcmillan.
11:51 of 2nd period - Shot Blocked by Matthew Spiller.
11:53 of 2nd period - Slapshot by Maxim Lapierre.
11:53 of 2nd period - Shot Misses the Net.
12:09 of 2nd period - Snap shot by Adam Henrique.
12:09 of 2nd period - Shot Blocked by Bobby Ryan.
12:30 of 2nd period - Antoine Roussel is hit by Tomas Kopecky and loses puck.
13:02 of 2nd period - Snap shot by Tyler Cuma.
13:02 of 2nd period - Shot Misses the Net.
14:18 of 2nd period - Brandon Yip is hit by David Krejci and loses puck.
14:38 of 2nd period - Snap shot by Peter Regin.
14:38 of 2nd period - Shot Misses the Net.
14:40 of 2nd period - Snap shot by Tyler Cuma.
14:40 of 2nd period - Deflect By Chris Kreider.
14:40 of 2nd period - Stopped by Josh Harding without a rebound.
14:41 of 2nd period - Nick Bjugstad wins face-off versus Derick Brassard in Red Wings zone.
14:56 of 2nd period - Snap shot by Derick Brassard.
14:56 of 2nd period - Stopped by Josh Harding without a rebound.
14:57 of 2nd period - Mike Richards wins face-off versus Peter Regin in Red Wings zone.
15:02 of 2nd period - Snap shot by Chris Kreider.
15:02 of 2nd period - Deflect By Bobby Ryan.
15:02 of 2nd period - Stopped by Josh Harding without a rebound.
15:03 of 2nd period - Mike Richards wins face-off versus Peter Regin in Red Wings zone.
15:38 of 2nd period - Wrist shot by Connor Brown.
15:38 of 2nd period - Stopped by Jimmy Howard with a rebound.
16:11 of 2nd period - Wrist shot by Tomas Fleischmann.
16:11 of 2nd period - Goal by Tomas Fleischmann - Blackhawks : 2 - Red Wings : 1.
16:12 of 2nd period - Peter Regin wins face-off versus Nick Bjugstad in neutral zone.
16:45 of 2nd period - Backhand shot by Michael Latta.
16:45 of 2nd period - Shot Misses the Net.
16:47 of 2nd period - Slapshot by David Jones.
16:47 of 2nd period - Shot Misses the Net.
17:06 of 2nd period - David Krejci is hit by Derick Brassard and loses puck.
17:11 of 2nd period - Backhand shot by Rick Nash.
17:11 of 2nd period - Shot Misses the Net.
17:48 of 2nd period - Slapshot by Bobby Ryan.
17:48 of 2nd period - Shot Blocked by Adam Henrique.
17:50 of 2nd period - Wrist shot by Peter Regin.
17:50 of 2nd period - Stopped by Josh Harding without a rebound.
17:51 of 2nd period - David Krejci wins face-off versus Antoine Roussel in Red Wings zone.
18:08 of 2nd period - Wrist shot by Derick Brassard.
18:08 of 2nd period - Goal by Derick Brassard - Blackhawks : 3 - Red Wings : 1.
18:09 of 2nd period - Nick Bjugstad wins face-off versus Peter Regin in neutral zone.
18:13 of 2nd period - Ole-Kristian Tollefsen is hit by Chris Kreider and loses puck.
18:50 of 2nd period - Adam Henrique is hit by Matthew Spiller and loses puck.
19:00 of 2nd period - Icing by David Krejci.
19:01 of 2nd period - David Krejci wins face-off versus Erik Christensen in Red Wings zone.
Goals for this period are 2 for Blackhawks vs 1 for Red Wings.
Shots for this period are 14 for Blackhawks vs 10 for Red Wings.

3rd period


0:01 of 3rd period - Derick Brassard wins face-off versus Nick Bjugstad in neutral zone.
0:13 of 3rd period - Minor Penalty to Mike Green for Hooking.
0:14 of 3rd period - Derick Brassard wins face-off versus Mike Richards in Blackhawks zone.
1:37 of 3rd period - Icing by Nick Bjugstad.
1:38 of 3rd period - Brandon Yip wins face-off versus Nick Bjugstad in Red Wings zone.
2:13 of 3rd period - Penalty to Mike Green is over, Mike Green is back on ice.
2:23 of 3rd period - Matthew Spiller is hit by Michael Haley and loses puck.
3:16 of 3rd period - Minor Penalty to Sean Bergenheim for Holding.
3:17 of 3rd period - Derick Brassard wins face-off versus Carson Mcmillan in Red Wings zone.
3:22 of 3rd period - Snap shot by John Carlson.
3:22 of 3rd period - Shot Misses the Net.
3:24 of 3rd period - Snap shot by Derick Brassard.
3:24 of 3rd period - Shot Misses the Net.
3:26 of 3rd period - Slapshot by Mike Green.
3:26 of 3rd period - Stopped by Josh Harding without a rebound.
3:27 of 3rd period - Derick Brassard wins face-off versus Michael Haley in Red Wings zone.
4:06 of 3rd period - Backhand shot by Derick Brassard.
4:06 of 3rd period - Shot Blocked by Carson Mcmillan.
4:08 of 3rd period - Slapshot by John Carlson.
4:08 of 3rd period - Shot Misses the Net.
4:12 of 3rd period - Slapshot by Derick Brassard.
4:12 of 3rd period - Stopped by Josh Harding without a rebound.
4:13 of 3rd period - Erik Christensen wins face-off versus Alex Picard in Red Wings zone.
4:16 of 3rd period - Snap shot by Antoine Roussel.
4:16 of 3rd period - Stopped by Josh Harding without a rebound.
4:17 of 3rd period - Antoine Roussel wins face-off versus Alex Picard in Red Wings zone.
4:23 of 3rd period - Minor Penalty to Philip Samuelsson for Tripping.
4:24 of 3rd period - Carson Mcmillan wins face-off versus Derick Brassard in Red Wings zone.
4:24 of 3rd period - Carson Mcmillan is hit by John Carlson.
4:51 of 3rd period - Jiri Fischer is hit by Antoine Roussel and loses puck.
5:08 of 3rd period - Slapshot by John Carlson.
5:08 of 3rd period - Shot Blocked by Anton Volchenkov.
5:16 of 3rd period - Penalty to Sean Bergenheim is over, Sean Bergenheim is back on ice.
5:24 of 3rd period - Snap shot by Sean Bergenheim.
5:24 of 3rd period - Goal by Sean Bergenheim - Blackhawks : 3 - Red Wings : 2.
5:25 of 3rd period - Derick Brassard wins face-off versus Sean Bergenheim in neutral zone.
5:54 of 3rd period - Snap shot by Antoine Roussel.
5:54 of 3rd period - Shot Misses the Net.
5:56 of 3rd period - Snap shot by Bobby Ryan.
5:56 of 3rd period - Stopped by Josh Harding with a rebound.
5:58 of 3rd period - Snap shot by Erik Christensen.
5:58 of 3rd period - Stopped by Josh Harding without a rebound.
5:59 of 3rd period - Sean Bergenheim wins face-off versus Derick Brassard in Red Wings zone.
6:23 of 3rd period - Penalty to Philip Samuelsson is over, Philip Samuelsson is back on ice.
6:33 of 3rd period - David Jones is hit by Karl Alzner and loses puck.
6:54 of 3rd period - Snap shot by Maxim Lapierre.
6:54 of 3rd period - Shot Blocked by Michael Latta.
6:56 of 3rd period - Minor Penalty to David Jones for Hooking.
6:57 of 3rd period - Derick Brassard wins face-off versus Mike Richards in Blackhawks zone.
7:06 of 3rd period - Slapshot by Philip Samuelsson.
7:06 of 3rd period - Stopped by Jimmy Howard without a rebound.
7:07 of 3rd period - Mike Richards wins face-off versus Derick Brassard in Blackhawks zone.
7:12 of 3rd period - Wrist shot by Adam Henrique.
7:12 of 3rd period - Stopped by Jimmy Howard without a rebound.
7:13 of 3rd period - Derick Brassard wins face-off versus Mike Richards in Blackhawks zone.
7:49 of 3rd period - Snap shot by Sean Bergenheim.
7:49 of 3rd period - Stopped by Jimmy Howard with a rebound.
7:51 of 3rd period - Slapshot by Ole-Kristian Tollefsen.
7:51 of 3rd period - Goal by Ole-Kristian Tollefsen - Blackhawks : 3 - Red Wings : 3.
7:52 of 3rd period - Derick Brassard wins face-off versus Mike Richards in neutral zone.
8:23 of 3rd period - Off-side.
8:24 of 3rd period - Nick Bjugstad wins face-off versus Peter Regin in neutral zone.
8:54 of 3rd period - Minor Penalty to Philip Samuelsson for High sticking.
8:55 of 3rd period - Sean Bergenheim wins face-off versus Derick Brassard in Red Wings zone.
9:09 of 3rd period - Snap shot by Derick Brassard.
9:09 of 3rd period - Stopped by Josh Harding without a rebound.
9:10 of 3rd period - Maxim Lapierre wins face-off versus Derick Brassard in Red Wings zone.
9:55 of 3rd period - Slapshot by John Carlson.
9:55 of 3rd period - Shot Blocked by Maxim Lapierre.
9:57 of 3rd period - Slapshot by Mike Green.
9:57 of 3rd period - Shot Blocked by Ryan O'Byrne.
9:59 of 3rd period - Slapshot by John Carlson.
9:59 of 3rd period - Shot Misses the Net.
10:54 of 3rd period - Penalty to Philip Samuelsson is over, Philip Samuelsson is back on ice.
11:00 of 3rd period - Snap shot by Derick Brassard.
11:00 of 3rd period - Shot Hit the Post.
11:08 of 3rd period - Snap shot by Chris Kreider.
11:08 of 3rd period - Shot Misses the Net.
11:12 of 3rd period - Wrist shot by Chris Kreider.
11:12 of 3rd period - Shot Misses the Net.
11:14 of 3rd period - Slapshot by John Carlson.
11:14 of 3rd period - Shot Misses the Net.
11:16 of 3rd period - Wrist shot by Chris Kreider.
11:16 of 3rd period - Shot Misses the Net.
11:18 of 3rd period - Slapshot by John Carlson.
11:18 of 3rd period - Stopped by Josh Harding with a rebound.
11:20 of 3rd period - Wrist shot by John Carlson.
11:20 of 3rd period - Stopped by Josh Harding without a rebound.
11:21 of 3rd period - Erik Christensen wins face-off versus Nick Bjugstad in Red Wings zone.
11:49 of 3rd period - Snap shot by Adam Henrique.
11:49 of 3rd period - Shot Misses the Net.
12:01 of 3rd period - Slapshot by Adam Henrique.
12:01 of 3rd period - Stopped by Jimmy Howard with a rebound.
12:39 of 3rd period - Snap shot by Tomas Kopecky.
12:39 of 3rd period - Stopped by Jimmy Howard with a rebound.
13:41 of 3rd period - Bobby Ryan is hit by Carson Mcmillan and loses puck.
14:52 of 3rd period - John Carlson is hit by Tomas Kopecky and loses puck.
15:54 of 3rd period - Snap shot by Ole-Kristian Tollefsen.
15:54 of 3rd period - Shot Blocked by Matthew Spiller.
16:36 of 3rd period - Kevin Marshall is hit by Mike Richards and loses puck.
17:02 of 3rd period - Rick Nash is hit by Anton Volchenkov and loses puck.
19:00 of 3rd period - Icing by Michael Latta.
19:01 of 3rd period - Nick Bjugstad wins face-off versus Brandon Yip in Blackhawks zone.
19:10 of 3rd period - Slapshot by Mike Richards.
19:10 of 3rd period - Stopped by Jimmy Howard without a rebound.
19:11 of 3rd period - Peter Regin wins face-off versus Mike Richards in Blackhawks zone.
Goals for this period are 0 for Blackhawks vs 2 for Red Wings.
Shots for this period are 8 for Blackhawks vs 8 for Red Wings.

Overtime #1


0:01 of 1st overtime period - Mike Richards wins face-off versus Derick Brassard in neutral zone.
0:42 of 1st overtime period - Snap shot by Erik Christensen.
0:42 of 1st overtime period - Goal by Erik Christensen - Blackhawks : 4 - Red Wings : 3.
Goals for this period are 1 for Blackhawks vs 0 for Red Wings.
Shots for this period are 1 for Blackhawks vs 0 for Red Wings.